 Dungeon Crawl Stone Soup version 0.18-a0-1685-g4482fe3 (webtiles) character file.

931 dohliylev the Covert (level 7, -9/48 HPs)
             Began as a Vampire Enchanter on Apr 4, 2016.
             Killed by divine providence
             ... invoked by an orc priest
              (15 damage)
             ... on level 5 of the Dungeon.
             The game lasted 00:20:41 (4683 turns).

dohliylev the Covert (Vampire Enchanter)            Turns: 4683, Time: 00:20:42

Health: -9/48      AC:  4    Str:  7    XL:     7   Next: 86%
Magic:  2/12       EV: 14    Int: 17    God:
Gold:   314        SH:  0    Dex: 17    Spells: 3 memorised, 7 levels left

rFire  . . .     SeeInvis +     r - +2 dagger (flame)
rCold  + + .     Gourm    .     b - +1 robe
rNeg   + + +     Faith    .     (no shield)
rPois  +         Spirit   .     (no helmet)
rElec  .         Dismiss  .     a - +0 cloak
rCorr  .         Reflect  .     (no gloves)
SustAt .         Harm     .     (no boots)
MR     .....                    (no amulet)
Stlth  +++++.....               (no ring)
                                (no ring)

@: regenerating slowly, not resistant to hostile enchantments, quite stealthy
A: fangs 3, see invisible, unbreathing
a: Bat Form


You were on level 5 of the Dungeon.
You were near bloodless.

You visited 2 branches of the dungeon, and saw 6 of its levels.

You collected 314 gold pieces.

Inventory:

Hand Weapons
 r - a +2 dagger of flaming (weapon)
 t - a +0 dagger
 x - a +2 dagger of venom
Missiles
 h - 31 poisoned needles
 l - a throwing net (quivered)
 A - 5 needles of sleeping
Armour
 a - a +0 cloak (worn)
 b - a +1 robe (worn)
 y - a +2 leather armour of magic resistance
Wands
 g - a wand of random effects (40/48)
 v - a wand of iceblast (11/15)
Scrolls
 i - a scroll of noise
 m - 2 scrolls of enchant armour {unknown}
 n - a scroll of remove curse
 o - 2 scrolls of immolation {unknown}
 z - a scroll of magic mapping {unknown}
 D - a scroll of amnesia {unknown}
 E - a scroll of fear {unknown}
 F - a scroll of blinking {unknown}
 H - a scroll of teleportation {unknown}
Potions
 d - 26 potions of blood
 e - a potion of lignification {unknown}
 f - a potion of brilliance {unknown}
 j - a potion of invisibility {unknown}
 k - a potion of degeneration {unknown}
 p - a potion of haste {unknown}
 q - a potion of agility
 s - a potion of cancellation {unknown}
 u - a potion of ambrosia {unknown}
 w - a potion of magic {unknown}
 B - a potion of might {unknown}
 C - 2 potions of curing {unknown}
 G - a potion of cure mutation {unknown}
Books
 c - a book of Maledictions

   Spells                             Type                      Level
   a - Corona                         Hexes                        1
   b - Ensorcelled Hibernation        Hexes/Ice                    2
   c - Confuse                        Hexes                        3
   d - Tukima's Dance                 Hexes                        3
   e - Dazzling Spray                 Conjuration/Hexes            3


   Skills:
 + Level 1.5 Fighting
 + Level 2.1 Short Blades
 + Level 4.1 Dodging
 + Level 9.0 Stealth
 + Level 3.8 Spellcasting
 + Level 0.9 Conjurations
 + Level 6.9 Hexes
 + Level 2.2 Ice Magic


You had 7 spell levels left.
You knew the following spells:

 Your Spells              Type           Power        Failure   Level  Hunger
a - Corona                Hex            ####...      1%          1    None
b - Ensorcelled Hibernat  Hex/Ice        ###...       3%          2    ##.....
c - Dazzling Spray        Conj/Hex       ###.....     12%         3    ###....


Dungeon Overview and Level Annotations

Branches:
Dungeon (5/15)             Temple (1/1) D:4

Altars:
Cheibriados
Elyvilon
Fedhas
Gozag
Kikubaaqudgha
Makhleb
Pakellas
Qazlal
Ru
Sif Muna
Trog
Xom
The Shining One

Shops:
D:5 *


Innate Abilities, Weirdness & Mutations

You heal slowly.
You have razor-sharp teeth.
You have supernaturally acute eyesight.
You can survive without breathing.


Message History

Casting: Ensorcelled Hibernation
Confirm with . or Enter, or press ? or * to list all spells.
Aiming: Ensorcelled Hibernation
Press: ? - help, Shift-Dir - straight line, f - orc priest
Aim: an orc priest, wielding a club and wearing a scale mail (chance to defeat MR: 49%)
The orc priest resists with some effort.
The orc priest looks braver for a moment.
The orc priest hits you with a mace.
The orc priest miscasts a cantrip.
One of your 27 potions of blood rots away.
The orc priest mumbles some strange prayers to Beogh against you.
Beogh smites you!
The orc priest casts a cantrip, but nothing happens.
The orc priest invokes the aid of Beogh against you.
Pain shoots through your body!
* * * LOW HITPOINT WARNING * * *
The orc priest looks braver for a moment.
The orc priest invokes the aid of Beogh against you.
Beogh smites you!
You die...

#oo##.# ##o##.#
#o##.# #####
#..#.# #...#
##.#.# #...#
#.#.# #...#
#.#.# #####...#
#.#.# #.......#
#.@.# #.###...#
##..# #.# #...#
#..###.# #.###
#.>....###.#
########....#
##......#.####
#.....#...#
#..##...)##
#.....#..##.#.#


You could see an orc priest and an orc.

Vanquished Creatures
  Grinder (D:3)
  Sigmund (D:3)
  A giant frog (D:5)
  A howler monkey (D:4)
  A crimson imp (D:5)
  A jelly (D:3)
  A hound (D:4)
  A centaur skeleton (D:4)
  2 orc wizards
  Ijyb (D:3)
  A worker ant (D:4)
  15 adders
  A shadow imp (D:5)
  3 oozes
  An adder skeleton (D:5)
  2 worms
  3 dart slugs
  2 giant geckos
  12 orcs
  7 giant cockroaches
  7 hobgoblins
  3 jackals (D:2)
  4 quokkas
  17 bats
  5 giant newts
  6 goblins
  8 kobolds
  11 rats
119 creatures vanquished.

Notes
Turn   | Place    | Note
--------------------------------------------------------------
     0 | D:1      | dohliylev the Vampire Enchanter began the quest for the Orb.
     0 | D:1      | Reached XP level 1. HP: 13/13 MP: 3/3
   102 | D:1      | Reached XP level 2. HP: 14/19 MP: 5/5
   442 | D:1      | Learned a level 2 spell: Ensorcelled Hibernation
   569 | D:1      | Reached skill level 5 in Stealth
   569 | D:1      | Reached skill level 5 in Hexes
   623 | D:2      | Reached XP level 3. HP: 21/25 MP: 6/6
  1093 | D:2      | Reached XP level 4. HP: 31/31 MP: 0/7
  1364 | D:3      | Noticed Sigmund
  1391 | D:3      | HP: 1/31 [Sigmund/magic dart (4)]
  2479 | D:3      | Noticed Ijyb
  2492 | D:3      | Killed Ijyb
  2492 | D:3      | Reached skill level 1 in Fighting
  2492 | D:3      | Reached skill level 6 in Stealth
  2492 | D:3      | Reached skill level 1 in Ice Magic
  2503 | D:3      | Reached XP level 5. HP: 20/37 MP: 2/8
  2643 | D:3      | Noticed Grinder
  2647 | D:3      | Paralysed by Grinder for 2 turns
  2717 | D:2      | Learned a level 3 spell: Dazzling Spray
  2801 | D:3      | Killed Sigmund
  2801 | D:3      | Reached skill level 7 in Stealth
  2801 | D:3      | Reached XP level 6. HP: 43/43 MP: 6/10
  3197 | D:3      | Found a blossoming altar of Fedhas.
  3240 | D:3      | Paralysed by Grinder for 7 turns
  3324 | D:3      | Killed Grinder
  3324 | D:3      | Reached XP level 7. HP: 48/48 MP: 1/12
  3578 | D:3      | Reached skill level 8 in Stealth
  4087 | D:4      | Found a staircase to the Ecumenical Temple.
  4093 | Temple   | Entered the Ecumenical Temple
  4564 | D:5      | Entered Level 5 of the Dungeon
  4606 | D:5      | Found Xest's General Store.
  4669 | D:5      | Reached skill level 9 in Stealth
  4683 | D:5      | Killed from afar by an orc priest

Vault maps used:
D:1:      ncdulo_smallfort
D:3:      overflow_temple_1_default, gup_sewer_entry_glass, uniq_iyjb,
          uniq_sigmund, uniq_grinder
D:4:      nicolae_overflow_hidden_temple, minmay_temple_entry_fiery,
          first_bread, minmay_misc_feat_plants, wad_orctagon
D:5:      serial_shops, shop, kennysheep_generic_room_5, uniq_crazy_yiuf_cottage
Temple:   circular_temple_12

Skill      XL: |  1  2  3  4  5  6  7 |
---------------+----------------------+-----
Stealth        | 5 6 7 9 |  9.0
Hexes          | 5 6 |  6.9
Dodging        | 3 4 |  4.1
Fighting       | 1 |  1.5
Ice Magic      | 1 2 |  2.2
Spellcasting   | 3 |  3.8
Short Blades   | 2 |  2.1
Conjurations   | |  0.9

Action                   |  1- 3 |  4- 6 |  7- 9 || total
-------------------------+-------+-------+-------++-------
Melee: Short sword       |   108 |    92 |       ||   200
       Dagger            |     3 |    91 |    45 ||   139
 Cast: Ensorcelled Hiber |    10 |    49 |    22 ||    81
       Dazzling Spray    |       |     4 |     3 ||     7
 Abil: End Transformatio |       |     1 |       ||     1
       Bat Form          |       |     1 |       ||     1
  Use: Potion            |       |     4 |       ||     4
       Scroll            |       |     3 |       ||     3
 Stab: Sleeping          |    17 |    36 |    23 ||    76
       Distracted        |     1 |       |       ||     1
       Invisible         |       |     1 |     1 ||     2
